 Dungeon Crawl Stone Soup version 0.28-a0-631-g0446da8ef9 (webtiles) character file.

Game seed: 10083780756677057774

100717 sleeves the Protected (level 15, -6/120 HPs)
             Began as a Demonspawn Fighter on Oct 7, 2021.
             Was an Initiate of Gozag.
             Killed from afar by a will-o-the-wisp (26 damage)
             ... with a foxfire
             ... on level 2 of the Swamp on Oct 9, 2021.
             The game lasted 01:05:49 (29192 turns).

sleeves the Protected (Demonspawn Fighter)         Turns: 29192, Time: 01:05:49

Health: -6/120     AC: 11    Str: 22    XL:     15   Next: 81%
Magic:  29/29      EV: 18    Int: 11    God:    Gozag
Gold:   958        SH:  7    Dex: 19    Spells: 24/34 levels left

rFire   . . .      SeeInvis +   k - +4 falchion
rCold   + . .      Faith    .   c - +1 buckler "Ynlihuje" {Regen+ SInv}
rNeg    . . .      Spirit   .   C - +1 scale mail of the Louse {Dex+7}
rPois   +          Reflect  .   h - +0 helmet
rElec   .          Harm     .   E - +0 cloak
rCorr   .          Rampage  .   l - +0 pair of gloves
Will    +....                   Z - +0 pair of boots
Stlth   ..........              B - amulet of Paarch {rPois rC+ Regen+}
HPRegen 2.30/turn               f - +4 ring of evasion
MPRegen 0.21/turn               L - ring "Osilu" {rPois EV+4}

@: corroded, very slightly contaminated, studying Staves, invisible
A: hooves 1, rugged brown scales 2, ignite blood 3, demonic magic 3
a: Renounce Religion, Potion Petition, Call Merchant, Bribe Branch


You were on level 2 of the Swamp.
You worshipped Gozag.
Gozag was pleased with you.
You visited 6 branches of the dungeon, and saw 26 of its levels.
You also visited: Ice Cave.

You collected 8014 gold pieces.
You spent 2917 gold pieces at shops.
You paid 4139 gold pieces to Gozag.

Inventory:

Hand Weapons
 k - a +4 falchion (weapon)
   (You found it on level 2 of the Dungeon)
 F - a +0 scimitar of flaming
   (You took it off Erica on level 8 of the Dungeon)
Armour
 c - the +1 buckler "Ynlihuje" (worn) {Regen+ SInv}
   (You bought it in a shop on level 3 of the Lair of Beasts)

   SInv:      It lets you see invisible.
   Regen:     It increases your rate of health regeneration.
 h - a +0 helmet (worn)
   (You found it on level 1 of the Dungeon)
 l - a +0 pair of gloves (worn)
   (You found it on level 2 of the Dungeon)
 C - the +1 scale mail of the Louse (worn) {Dex+7}
   (You found it on level 3 of the Lair of Beasts)

   Dex:       It affects your dexterity (+7).
 E - a +0 cloak (worn)
   (You found it on level 8 of the Dungeon)
 Z - a +0 pair of boots (worn)
   (You found it on level 1 of the Lair of Beasts)
Jewellery
 f - a +4 ring of evasion (left hand)
   (You found it on level 1 of the Dungeon)
 B - the amulet of Paarch (around neck) {rPois rC+ Regen+}
   (You bought it in a shop on level 3 of the Lair of Beasts)

   [amulet of regeneration]

   rC:        It protects you from cold.
   rPois:     It protects you from poison.
   Regen:     It increases your rate of health regeneration.
 L - the ring "Osilu" (right hand) {rPois EV+4}
   (You found it on level 12 of the Dungeon)

   [ring of evasion]

   EV:        It affects your evasion (+4).
   rPois:     It protects you from poison.
Wands
 j - a wand of charming (19)
   (You found it on level 3 of the Lair of Beasts)
 n - a wand of digging (11)
   (You found it on level 3 of the Lair of Beasts)
 t - a wand of iceblast (19)
   (You found it on level 8 of the Dungeon)
 I - a wand of polymorph (9)
   (You took it off Psyche on level 9 of the Dungeon)
 P - a wand of flame (12)
   (You found it on level 11 of the Dungeon)
 T - a wand of paralysis (17)
   (You took it off an orc warrior on level 12 of the Dungeon)
 V - a wand of mindburst (25)
   (You found it on level 13 of the Dungeon)
 W - a wand of acid (9)
   (You found it on level 6 of the Lair of Beasts)
Scrolls
 e - 6 scrolls of enchant weapon
 o - 3 scrolls of torment
 q - 3 scrolls of enchant armour
 r - 3 scrolls of acquirement {unknown}
 s - 2 scrolls of summoning {unknown}
 u - 6 scrolls of fog
 v - 4 scrolls of magic mapping
 y - 3 scrolls of vulnerability {unknown}
 z - 8 scrolls of teleportation
 G - a scroll of brand weapon {unknown}
 H - 4 scrolls of amnesia
 J - a scroll of blinking {unknown}
 M - 3 scrolls of immolation {unknown}
 N - a scroll of fear {unknown}
Potions
 a - 4 potions of haste
 b - a potion of magic {unknown}
 d - 5 potions of might
 g - 8 potions of curing
 i - 6 potions of degeneration {unknown}
 m - 3 potions of heal wounds
 p - a potion of flight {unknown}
 x - 5 potions of brilliance
 A - a potion of lignification {unknown}
 D - a potion of ambrosia {unknown}
 K - a potion of cancellation {unknown}
 O - 2 potions of mutation
 S - a potion of resistance {unknown}
Miscellaneous
 Q - a box of beasts
   (You found it on level 6 of the Lair of Beasts)
 R - a phial of floods
   (You found it in an ice cave)
 U - a phantom mirror
   (You found it on level 13 of the Dungeon)
 X - a condenser vane
   (You found it on level 1 of the Lair of Beasts)
 Y - a lightning rod (4/4)
   (You found it on level 1 of the Lair of Beasts)


   Skills:
 - Level 10.0 Fighting
 - Level 14.0 Long Blades
 + Level 14.7 Armour
 - Level 4.0 Shields
 - Level 10.0 Spellcasting
 + Level 3.4 Summonings
 + Level 3.1 Earth Magic
 + Level 11.8 Evocations


You had 24 spell levels left.
You knew the following spells:

 Your Spells              Type           Power      Damage    Failure   Level
a - Animate Armour        Summ/Erth      24%        N/A       54%         4
b - Iron Shot             Conj/Erth      4%         9d2       100%        6

Your spell library contained the following spells:

 Spells                   Type           Power      Damage    Failure   Level
 Summon Small Mammal      Summ           52%        N/A       6%          1
 Call Canine Familiar     Summ           13%        N/A       19%         3
 Animate Skeleton         Necr           10%        N/A       26%         1
 Apportation              Tloc           10%        N/A       26%         1
 Shock                    Conj/Air       20%        1d4       26%         1
 Ensorcelled Hibernation  Hex/Ice        10%        N/A       36%         2
 Scorch                   Fire           10%        2d5       36%         2
 Static Discharge         Conj/Air       5%         N/A       36%         2
 Gell's Gravitas          Tloc           2%         N/A       58%         3
 Ignite Poison            Fire/Tmut/Pois 5%         N/A       58%         3
 Mephitic Cloud           Conj/Pois/Air  5%         N/A       58%         3
 Portal Projectile        Hex/Tloc       10%        N/A       58%         3
 Swiftness                Air            5%         N/A       58%         3
 Teleport Other           Tloc           5%         N/A       58%         3
 Tukima's Dance           Hex            5%         N/A       58%         3
 Leda's Liquefaction      Hex/Erth       4%         N/A       78%         4
 Airstrike                Air            2%         N/A       94%         4
 Animate Dead             Necr           2%         N/A       94%         4
 Dispel Undead            Necr           5%         3d7       94%         4
 Flame Wave               Conj/Fire      5%         3d4       94%         4
 Hailstorm                Conj/Ice       5%         3d4       94%         4
 Ice Form                 Ice/Tmut       5%         N/A       94%         4
 Sticky Flame             Conj/Fire      5%         2d3       94%         4
 Borgnjor's Vile Clutch   Necr/Erth      4%         N/A       98%         5
 Blade Hands              Tmut           2%         N/A       100%        5
 Freezing Cloud           Conj/Ice/Air   2%         6-21      100%        5
 Death Channel            Necr           2%         N/A       100%        6
 Dispersal                Tloc           2%         N/A       100%        6
 Simulacrum               Ice/Necr       2%         N/A       100%        6
 Summon Cactus Giant      Summ           6%         N/A       100%        6
 Haunt                    Necr/Summ      4%         N/A       100%        7
 Infestation              Necr           2%         N/A       100%        8


Dungeon Overview and Level Annotations

Branches:
Dungeon (13/15)            Temple (1/1) D:5            Lair (6/6) D:9
  Swamp (1/4) Lair:3        Snake (2/4) Lair:3        Slime (0/5) Lair:5
    Orc (2/2) D:10            Elf (0/3) Orc:2         IceCv (visited)
 Vaults: D:13-14

Altars:
Ashenzari
Cheibriados
Dithmenos
Elyvilon
Fedhas
Gozag
Hepliaklqana
Kikubaaqudgha
Makhleb
Nemelex Xobeh
Okawaru
Qazlal
Ru
Sif Muna
Trog
Uskayaw
Vehumet
Wu Jian
Xom
Yredelemnul
Zin
The Shining One
Beogh

Shops:
D:4 *   D:5 (   D:9 (   D:11 [   Orc:2 :[(*   Lair:3 [([=   Snake:1 *(*

Annotations:
D:10 exclusion: orange crystal statue
D:12 Demosthentine's ghost, journeyman MfGl
Lair:4 exclusion: oklob plant
Snake:2 Vashnia


Innate Abilities, Weirdness & Mutations

You have large cloven feet.
You are mostly covered in rugged brown scales. (AC +2, +5% HP)
Your demonic aura causes all spilled blood to erupt in flames.
Spells you cast and wands you use may paralyse nearby enemies.


Message History

The naga shouts!
You hit the salamander mystic but do no damage.
The salamander tyrant gazes fiercely through you!
You feel as though you will be weak longer.
You slash the salamander mystic!
The salamander mystic is lightly wounded.
The salamander mystic hits you but does no damage.
You hit the salamander mystic.
The salamander mystic is lightly wounded.
You block the salamander mystic's attack.
You hit the salamander mystic.
The salamander mystic is moderately wounded.
The salamander hits you from afar with a +0 halberd.
You are engulfed in flames!
You slash the salamander mystic!
The salamander mystic is moderately wounded.
The salamander mystic closely misses you.
The salamander tyrant gazes fiercely through you!
You feel as though you will be weak longer.
The salamander hits you but does no damage.
The salamander tyrant gazes fiercely through you!
You feel as though you will be weak longer.
The salamander tyrant gazes fiercely through you!
You feel as though you will be weak longer.
Things that are here:
a +0 spear; a +0 robe The salamander tyrant gazes fiercely through you!
You feel as though you will be weak longer.
There is a stone staircase leading up, spattered with blood here.
You can't go down here!
The salamander tyrant gazes fiercely through you!
You feel as though you will be weak longer.
The salamander tyrant barely misses you.
The salamander mystic points at you and mumbles some strange words.
The bolt of magma misses you.
You climb upwards.
There is a stone staircase leading down here.
The salamander tyrant hits you but does no damage.
You barely miss the salamander tyrant.
The salamander tyrant closely misses you.
You hit the salamander tyrant.
The salamander tyrant is lightly wounded.
You hit the salamander tyrant.
The salamander tyrant is lightly wounded.
The salamander tyrant closely misses you.
You slash the salamander tyrant!
The salamander tyrant is moderately wounded.
You slash the salamander tyrant!
The salamander tyrant is moderately wounded.
The salamander tyrant hits you!
You are engulfed in flames!!
You slash the salamander tyrant!
The salamander tyrant is heavily wounded.
You block the salamander tyrant's attack.
You hit the salamander tyrant.
The salamander tyrant is heavily wounded.
Your scale mail of the Louse prevents you from hitting the salamander tyrant.
The salamander tyrant is heavily wounded.
The salamander tyrant hits you but does no damage.
You hit the salamander tyrant.
The salamander tyrant is heavily wounded.
You slash the salamander tyrant!
The salamander tyrant is severely wounded.
The salamander tyrant gazes fiercely through you!
You feel as though you will be weak longer.
The salamander tyrant hits you but does no damage.
You hit the salamander tyrant.
The salamander tyrant is severely wounded.
The salamander tyrant gazes fiercely through you!
You feel as though you will be weak longer.
The salamander tyrant hits you but does no damage.
You barely miss the salamander tyrant.
The salamander tyrant is severely wounded.
You hit the salamander tyrant.
The salamander tyrant is severely wounded.
The salamander tyrant gazes fiercely through you!
You feel as though you will be weak longer.
The salamander tyrant hits you.
You are engulfed in flames!!
You hit the salamander tyrant.
The salamander tyrant is almost dead.
You slash the salamander tyrant!
The salamander tyrant is almost dead.
The salamander tyrant hits you but does no damage.
You hit the salamander tyrant.
The salamander tyrant is almost dead.
The salamander tyrant closely misses you.
You slash the salamander tyrant!
You kill the salamander tyrant!
Your Summonings skill increases to level 3!
You now have 7563 gold pieces (gained 3).
You start resting.
HP restored.
There is a stone staircase leading down here.
Okay, then.
You start waiting.
Your attacks no longer feel as feeble.
Unknown command.
You climb downwards.
Level annotation: Vashnia The salamander mystic points at something and mumbles some strange words.
There is a stone staircase leading up, spattered with blood here.
Things that are here:
a +0 robe; a +0 spear You barely miss the salamander mystic.
The salamander mystic is lightly wounded.
The salamander mystic hits you with a +0 dagger.
You are engulfed in flames!!
You closely miss the salamander mystic.
The salamander mystic is lightly wounded.
You hit the salamander mystic.
The salamander mystic is lightly wounded.
You block the salamander mystic's attack.
You slash the salamander mystic!
The salamander mystic is moderately wounded.
You block the salamander mystic's attack.
You barely miss the salamander mystic.
The salamander mystic is moderately wounded.
You block the naga's attack. The naga grabs you. The naga constricts you.
You slash the naga!
The naga is severely wounded.
The naga is engulfed in blazing flames.
The naga spits poison at you. The splash of poison misses you.
The naga constricts you.
The salamander mystic hits you but does no damage.
You slash the naga!
You kill the naga!
You slash the salamander mystic!
The salamander mystic is heavily wounded.
The salamander mystic gestures at you while chanting.
The lance of force hits you but does no damage.
You hit the salamander mystic but do no damage.
The salamander mystic is heavily wounded.
The salamander mystic closely misses you.
You hit the salamander mystic.
The salamander mystic is heavily wounded.
You barely miss the salamander mystic.
The salamander mystic is heavily wounded.
The salamander mystic casts a spell at something.
You hit the salamander mystic.
The salamander mystic is heavily wounded.
You hit the salamander mystic but do no damage.
The salamander mystic is heavily wounded.
The salamander mystic hits you but does no damage.
You slash the salamander mystic!
The salamander mystic is severely wounded.
The salamander mystic hits you but does no damage.
You closely miss the salamander mystic.
The salamander mystic is severely wounded.
You hit the salamander mystic.
The salamander mystic is severely wounded.
The salamander mystic closely misses you.
You slash the salamander mystic!
The salamander mystic is almost dead.
The salamander misses you.
You barely miss the salamander mystic.
The salamander mystic is almost dead.
The salamander misses you.
The salamander mystic hits you but does no damage.
You hit the salamander mystic.
The salamander mystic is almost dead.
The salamander misses you.
The salamander mystic hits you but does no damage.
You hit the salamander mystic but do no damage.
The salamander mystic is almost dead.
The salamander misses you.
You hit the salamander mystic but do no damage.
The salamander mystic is almost dead.
The salamander hits you from afar with a +0 halberd.
You are engulfed in flames!
You block the salamander mystic's attack.
You slash the salamander mystic!
You kill the salamander mystic!
You block the salamander's attack. You block the salamander's attack.
Things that are here:
13 gold pieces; a +0 long sword You hit the salamander.
The salamander is lightly wounded.
The salamander hits you with a +0 halberd!
You are engulfed in flames!
You are too injured to fight recklessly!
You are too injured to fight recklessly!
You are too injured to fight recklessly!
You slash the salamander!
The salamander is moderately wounded.
The salamander misses you.
You slash the salamander!
The salamander is heavily wounded.
The salamander hits you with a +0 halberd!
You are engulfed in flames!
You hit the salamander.
The salamander is heavily wounded.
The salamander hits you with a +0 halberd!
* * * LOW HITPOINT WARNING * * *
You are engulfed in flames!
* * * LOW HITPOINT WARNING * * *
You hit the salamander.
The salamander is heavily wounded.
The salamander hits you with a +0 halberd.
* * * LOW HITPOINT WARNING * * *
You are engulfed in flames!
* * * LOW HITPOINT WARNING * * *
You feel much better. The salamander barely misses you.
You hit the salamander.
The salamander is heavily wounded.
You block the salamander's attack.
You hit the salamander but do no damage.
The salamander is heavily wounded.
The salamander hits you but does no damage.
You hit the salamander.
The salamander is severely wounded.
The salamander barely misses you.
You hit the salamander but do no damage.
The salamander is severely wounded.
You block the salamander's attack.
You slash the salamander!
The salamander is severely wounded.
The salamander is distracted by your dazzling golden aura.
You catch the helpless salamander completely off-guard!
You hit the salamander.
The salamander is no longer distracted by gold.
The salamander is almost dead.
The salamander hits you with a +0 halberd!
* * * LOW HITPOINT WARNING * * *
You are engulfed in flames!
* * * LOW HITPOINT WARNING * * *
You hit the salamander.
The salamander is almost dead.
The salamander completely misses you.
You hit the salamander.
The salamander is almost dead.
The salamander hits you with a +0 halberd!
* * * LOW HITPOINT WARNING * * *
You are engulfed in flames!
* * * LOW HITPOINT WARNING * * *
You slash the salamander!
You kill the salamander!
You now have 7570 gold pieces (gained 7).
You see here a +0 halberd.
You now have 7583 gold pieces (gained 13).
You see here a +0 long sword.
Things that are here:
a +0 robe; a +0 spear
There is a stone staircase leading up, spattered with blood here.
You start resting.
HP restored.
Search for what [? for help]? long blade Search for what [Enter for "long blade", or ? for help]? short blade
Things that are here:
a +0 robe; a +0 spear You now have 7590 gold pieces (gained 7).
Things that are here:
a +0 dagger; a +0 robe
(D) Dungeon (T) Temple (L) Lair (S) Swamp (P) Snake Pit (M) Slime Pits (O) Orcish Mines (E) Elven Halls
Where to? (Enter - Snake:1 @ (x,y), ? - help)
Okay, then.
Vashnia shouts!
You hear a shout!
Vashnia is nearby!
Vashnia is nearby!
Vashnia is nearby!
That's the wrong kind of item! (Use * to select it.) Evoke which item? (* to show all) (? for menu, Esc to quit)
That's the wrong kind of item! (Use * to select it.) Evoke which item? (* to show all) (? for menu, Esc to quit)
Okay, then.
You see here a +0 halberd.
You see here a +0 long sword.
You start waiting.
Vashnia is nearby!
Aiming: Mindburst
Press: ? - help, Shift-Dir - straight line, f - Vashnia
Aim: Vashnia, wielding a +2 vorpal arbalest, wearing a +0 barding of fire resistance and quivering bolts (chance to affect: 19%)
Okay, then.
The naga sharpshooter shouts!
You hear a shout!
Vashnia says, "Hold still for a moment.
You're making this shot difficult."
You hear an angry hiss.
Aiming: Paralyse
Press: ? - help, Shift-Dir - straight line, f - Vashnia
Aim: Vashnia, wielding a +2 vorpal arbalest, wearing a +0 barding of fire resistance and quivering bolts (chance to affect: 4%)
Okay, then.
Aiming: Polymorph
Press: ? - help, Shift-Dir - straight line, f - Vashnia
Aim: Vashnia, wielding a +2 vorpal arbalest, wearing a +0 barding of fire resistance and quivering bolts (will become a catoblepas, a stone giant, or a minotaur, chance to affect: 4%)
Okay, then.
Unknown command.
Aiming: Corrosive Bolt
Press: ? - help, Shift-Dir - straight line The bolt of acid misses Vashnia.
Malevolent energies surge around you.
The naga sharpshooter mumbles some strange words.
The naga sharpshooter magically shoots a bolt.
The bolt misses you.
Vashnia shoots a bolt.
The bolt hits you!!
You slash Vashnia!
Vashnia is lightly wounded.
The naga sharpshooter shouts!
You hit Vashnia but do no damage.
Vashnia is lightly wounded.
You hear an angry hiss.
Vashnia is engulfed in blazing flames.
Vashnia spits poison at you. The splash of poison hits you. You resist.
Aiming: Corrosive Bolt
Press: ? - help, Shift-Dir - straight line, f - naga sharpshooter
Aim: a naga sharpshooter, wielding a +0 arbalest and quivering bolts (76% to hit)
The bolt of acid misses Vashnia.
The bolt of acid hits the naga sharpshooter!
The acid corrodes the naga sharpshooter!
The naga sharpshooter is lightly wounded.
Malevolent energies surge around you.
The naga sharpshooter gestures wildly while chanting.
The naga sharpshooter magically shoots an arrow.
The arrow closely misses you.
Vashnia is engulfed in blazing flames.
Vashnia shoots a bolt.
The bolt hits you!!!
* * * LOW HITPOINT WARNING * * *
x2 You hear an angry hiss. [a] - 324 gold - invisibility and might [b] - 528 gold - heal wounds, berserk rage, resistance and might [c] - 377 gold - heal wounds, might and brilliance Purchase which effect?
You feel much better.
You feel very mighty all of a sudden.
You feel clever all of a sudden.
The naga sharpshooter mumbles some strange words.
The naga sharpshooter magically shoots an arrow.
The arrow hits you!
* * * LOW HITPOINT WARNING * * *
The arrow burns you.
* * * LOW HITPOINT WARNING * * *
Vashnia is engulfed in blazing flames.
Vashnia gestures wildly while chanting.
Vashnia blinks!
The naga sharpshooter mumbles some strange words.
The naga sharpshooter magically shoots an arrow.
The arrow hits you!
* * * LOW HITPOINT WARNING * * *
You hear an angry hiss.
The naga sharpshooter mumbles some strange words.
The naga sharpshooter magically shoots a bolt.
The bolt hits you but does no damage.
A black mamba comes into view.
Vashnia gestures wildly while chanting.
Vashnia blinks!
The naga sharpshooter shoots an arrow.
The arrow barely misses you.
There is a stone staircase leading up, spattered with blood here.
The naga sharpshooter mumbles some strange words.
The naga sharpshooter magically shoots a bolt.
You block the bolt.
You climb upwards.
There is a stone staircase leading down here.
You start resting.
You feel a little less mighty now.
You start resting.
HP restored.
Unknown command.
You see here 11 stones.
You see here 18 stones.
You feel a little less clever now.
There is a stone staircase leading down here.
You climb downwards.
Level annotation: Vashnia The naga shouts! x2; The naga ritualist shouts!
The black mamba hisses angrily.
The mana viper hisses angrily.
The black mamba hisses angrily. x3
The black mamba barely misses you. The mana viper barely misses you.
The black mamba bites you.
The black mamba bites you but does no damage.
The naga hits you with a +0 glaive. The naga grabs you.
The naga constricts you. You block the naga warrior's attack.
The mana viper bites you but does no damage.
The black mamba closely misses you. You block the black mamba's attack.
The black mamba barely misses you. The naga spits poison at you.
The splash of poison misses you.
The splash of poison misses the mana viper.
The naga constricts you.
The naga warrior hits you but does no damage.
Found a ring mail.
There is a stone staircase leading up, spattered with blood here.
The naga's grasp on you weakens, but your attempt to escape fails.
You block the black mamba's attack. x2; The mana viper completely misses you.
The mana viper bites you but does no damage.
The black mamba misses you. The black mamba bites you!
The black mamba bites you but does no damage.
The mana viper is engulfed in blazing flames.
The mana viper closely misses you. The naga barely misses you.
The naga closely misses you. The naga constricts you.
The mana viper misses you.
The naga warrior roars a battlecry!
The nagas go into a battle-frenzy!
The black mamba bites you but does no damage.
Unknown command.
Unknown command.
You escape the naga's grasp.
The black mamba closely misses you. You block the black mamba's attack.
The black mamba closely misses you. You block the mana viper's attack.
The mana viper is engulfed in blazing flames.
The mana viper misses you. The naga warrior closely misses you.
The black mamba misses you.
You climb upwards.
There is a stone staircase leading down here.
Unknown command.
The black mamba bites you. The black mamba closely misses you.
The naga misses you. The mana viper bites you!
You feel your power leaking away. The naga hits you with a +0 dire flail.
The naga grabs you. The naga constricts you.
The black mamba closely misses you.
The mana viper bites you but does no damage.
The naga's grasp on you weakens, but your attempt to escape fails.
The black mamba bites you but does no damage.
The black mamba completely misses you. The naga spits poison at you.
The splash of poison hits you but does no damage.
You resist. The naga constricts you. The mana viper closely misses you.
The mana viper bites you but does no damage.
The black mamba bites you!
You are poisoned.
The black mamba poisons you! The naga closely misses you.
The black mamba closely misses you.
You escape the naga's grasp.
You feel very sick. The black mamba completely misses you.
The black mamba bites you.
As you read the scroll of teleportation, it crumbles to dust.
You feel strangely unstable.
You feel very sick.
The black mamba bites you but does no damage. x2
The mana viper closely misses you. The black mamba closely misses you.
The mana viper barely misses you.
You feel very sick.
The black mamba bites you but does no damage.
The black mamba is engulfed in blazing flames.
The mana viper misses you.
The black mamba is engulfed in blazing flames.
You block the black mamba's attack.
The black mamba is engulfed in blazing flames.
You feel sick.
The black mamba is engulfed in blazing flames. x2
The mana viper bites you but does no damage.
The black mamba completely misses you.
Your surroundings suddenly seem different.
You feel sick.
You start resting.
You feel sick. x7
You are no longer poisoned.
You start resting.
Magic restored.
You start resting.
HP restored.
Done exploring.
Done exploring.
Done exploring.
Done exploring.
Done exploring.
Done exploring.
(D) Dungeon (T) Temple (L) Lair (S) Swamp (P) Snake Pit (M) Slime Pits (O) Orcish Mines (E) Elven Halls
Where to? (Enter - Snake:1 @ (x,y), ? - help)
What level of the Swamp? (default 1, ? - help)
Things that are here:
a +0 robe; a +0 long sword You see here a +0 dire flail.
You see here a +0 halberd.
You see here a +0 battleaxe.
You see here 21 arrows.
You see here a +4 trident.
Things that are here:
a +0 robe; a +0 spear
There is a staircase back to the Lair here.
You climb upwards.
Welcome back to the Lair of Beasts!
There is a staircase to the Snake Pit, spattered with blood here.
There is a staircase to the Swamp here.
You climb downwards.
Welcome to the Swamp!
This branch is very noisy, and so sound travels much less far.
This branch contains the decaying rune of Zot.
Found a ring mail and 14 gold pieces.
There is a staircase back to the Lair here.
A bloated husk is nearby!
Found a scroll of identify.
You enter the shallow water.
Moving in this stuff is going to be slow.
The bloated husk explodes!
The blast of putrescent gases engulfs you!!!
No target in view!
No target in view!
No target in view!
No target in view!
No target in view!
HP restored.
You now have 7218 gold pieces (gained 5).
You enter the shallow water.
Moving in this stuff is going to be slow.
A swamp worm comes into view.
A swamp worm is nearby!
A swamp worm is nearby!
A swamp worm is nearby!
There is a staircase back to the Lair here.
A swamp worm comes into view.
The swamp worm fires a harpoon shot at you.
The harpoon shot hits you but does no damage.
You enter the shallow water.
Moving in this stuff is going to be slow.
The swamp worm fires a harpoon shot at you.
The harpoon shot misses you. The swamp worm misses you. x2
You slash the swamp worm!
The swamp worm is lightly wounded.
You block the swamp worm's attack.
Your unstable footing causes you to fumble your attack.
Your unstable footing causes you to fumble your attack.
The swamp worm bites you.
The swamp worm fires a harpoon shot at you.
The harpoon shot hits you!
You are yanked forward by the harpoon shot.
You slash the swamp worm!
The swamp worm is moderately wounded.
The swamp worm bites you but does no damage.
You hit the swamp worm.
The swamp worm is heavily wounded.
The swamp worm bites you.
You hit the swamp worm.
The swamp worm is heavily wounded.
You block the swamp worm's attack. The swamp worm misses you.
You closely miss the swamp worm.
The swamp worm is heavily wounded.
The swamp worm bites you!
You barely miss the swamp worm.
The swamp worm is heavily wounded.
The swamp worm bites you but does no damage.
You block the swamp worm's attack.
You slash the swamp worm!
The swamp worm is almost dead.
The swamp worm completely misses you.
You slash the swamp worm!
You kill the swamp worm!
The swamp worm bites you.
You slash the swamp worm!
The swamp worm is moderately wounded.
You slash the swamp worm!
The swamp worm is heavily wounded.
You block the swamp worm's attack.
You hit the swamp worm.
The swamp worm is severely wounded.
The swamp worm barely misses you.
You slash the swamp worm!
The swamp worm is almost dead.
You slash the swamp worm!
You kill the swamp worm!
No target in view!
You enter the shallow water.
Moving in this stuff is going to be slow.
You see here 5 gold pieces.
There is a staircase back to the Lair here.
You climb upwards.
Welcome back to the Lair of Beasts!
There is a staircase to the Swamp here.
You start resting.
HP restored. [a] 458 gold - Catiorch's Weapon Shoppe [b] 476 gold - Zeoblia's General Store [c] 763 gold - Xeduixt's Antique Armour Shop Fund which merchant?
Xeduixt invites you to visit his Antique Armour Shop.
You can access your shopping list by pressing '$'.
You can access your shopping list by pressing '$'. [a] 538 gold - Pyzykuy's Armour Shop [b] 578 gold - Toid's Magic Scroll Shop [c] 871 gold - Elamuist's Book Emporium Fund which merchant?
Pyzykuy invites you to visit her Armour Shop. [a] 1108 gold - Oxkaoj's Assorted Antiques [b] 819 gold - Biopinoq's General Store [c] 1146 gold - Vememm's Antique Weapon Boutique Fund which merchant?
Vememm invites you to visit her Antique Weapon Boutique. [a] 1291 gold - Bips's Weapon Shop [b] 1202 gold - Beonn's Jewellery Shop [c] 1053 gold - Hotusink's General Store Fund which merchant?
Beonn invites you to visit their Jewellery Shop.
There is an entrance to Beonn's Jewellery Shop here.
You no longer have enough gold to bribe branches to halt enemies' attacks and recruit allies.
Thank you for shopping at Beonn's Jewellery Shop!
Drop what? 52/52 slots (_ for help) (? for menu, Esc to quit)
You drop a box of beasts.
B - the amulet of Paarch {rPois rC+ Regen+}
There is an entrance to Beonn's Jewellery Shop here.
You start removing your amulet.
You continue taking off your amulet of regeneration. x4
You finish taking off your amulet of regeneration.
You start putting on your amulet.
You continue putting on the amulet of Paarch {rPois rC+ Regen+}. x5
You finish putting on the amulet of Paarch {rPois rC+ Regen+}.
The amulet of Paarch throbs as it attunes itself to your uninjured body.
B - the amulet of Paarch (around neck) {rPois rC+ Regen+} Drop what? 52/52 slots (_ for help) (? for menu, Esc to quit)
You drop an amulet of regeneration.
You see here a box of beasts.
Q - a box of beasts Drop what? 52/52 slots (_ for help) (? for menu, Esc to quit)
Okay, then.
There is an entrance to Beonn's Jewellery Shop here.
You see here an amulet of regeneration.
There is an entrance to Vememm's Antique Weapon Boutique here.
There is an entrance to Xeduixt's Antique Armour Shop here.
There is an entrance to Vememm's Antique Weapon Boutique here.
There is an entrance to Xeduixt's Antique Armour Shop here.
You can access your shopping list by pressing '$'.
There is an entrance to Vememm's Antique Weapon Boutique here.
There is an entrance to Xeduixt's Antique Armour Shop here.
You can access your shopping list by pressing '$'.
Okay, then.
You no longer have enough gold to fund merchants seeking to open stores in the dungeon.
Thank you for shopping at Xeduixt's Antique Armour Shop!
You can access your shopping list by pressing '$'.
Drop what? 52/52 slots (_ for help) (? for menu, Esc to quit)
You start removing your armour.
You continue taking off the +1 scale mail of the Louse {Dex+7}. x4
You finish taking off the +1 scale mail of the Louse {Dex+7}.
You drop the +1 scale mail of the Louse {Dex+7}.
C - the +1 scale mail of the Louse {Dex+7} You start putting on your armour.
You continue putting on the +1 scale mail of the Louse {Dex+7}. x4
You finish putting on the +1 scale mail of the Louse {Dex+7}.
You feel agile.
There is an entrance to Pyzykuy's Armour Shop here.
Thank you for shopping at Pyzykuy's Armour Shop!
You can't carry that many items.
Drop what? 52/52 slots (_ for help) (? for menu, Esc to quit)
You start removing your armour.
You continue taking off your +0 buckler. x4
You finish taking off your +0 buckler.
You drop a +0 buckler.
There is an entrance to Pyzykuy's Armour Shop here.
You see here the +1 buckler "Ynlihuje" {Regen+ SInv}.
c - the +1 buckler "Ynlihuje" {Regen+ SInv} You start putting on your armour.
You continue putting on the +1 buckler "Ynlihuje" {Regen+ SInv}. x4
You finish putting on the +1 buckler "Ynlihuje" {Regen+ SInv}.
The buckler "Ynlihuje" throbs as it attunes itself to your uninjured body.
Okay, then.
Unknown command.
(D) Dungeon (T) Temple (L) Lair (S) Swamp (P) Snake Pit (M) Slime Pits (O) Orcish Mines (E) Elven Halls
Where to? (Enter - Swamp:1, ? - help)
What level of the Swamp? (default 1, ? - help)
There is an entrance to Vememm's Antique Weapon Boutique here.
There is a staircase to the Swamp here.
You climb downwards.
Welcome back to the Swamp!
This branch is very noisy, and so sound travels much less far.
This branch contains the decaying rune of Zot.
There is a staircase back to the Lair here.
Nothing quivered!
Nothing quivered!
Nothing quivered!
You now have 868 gold pieces (gained 14).
You enter the shallow water.
Moving in this stuff is going to be slow.
You now have 873 gold pieces (gained 5).
You enter the shallow water.
Moving in this stuff is going to be slow.
You now have 882 gold pieces (gained 9).
Your pack is full.
You see here a scroll of identify.
Your pack is full.
You see here a scroll of identify.
Could not pick up an item here; shall I ignore it? [Y]es or [N]o only, please.
Could not pick up an item here; shall I ignore it? [Y]es or [N]o only, please.
Could not pick up an item here; shall I ignore it?
Okay, then.
As you read the scroll of identify, it crumbles to dust.
O - 2 potions of mutation
Found a stone staircase leading down.
Found 3 large rocks.
You enter the shallow water.
Moving in this stuff is going to be slow.
You enter the shallow water.
Moving in this stuff is going to be slow.
You enter the shallow water.
Moving in this stuff is going to be slow.
You now have 899 gold pieces (gained 17).
You enter the shallow water.
Moving in this stuff is going to be slow.
There is a stone staircase leading down here.
You enter the shallow water.
Moving in this stuff is going to be slow.
Your pack is full.
You see here a throwing net.
Your pack is full.
You see here a throwing net.
Could not pick up an item here; shall I ignore it? [Y]es or [N]o only, please.
Could not pick up an item here; shall I ignore it?
You see here a throwing net.
You enter the shallow water.
Moving in this stuff is going to be slow.
Found a stone staircase leading down.
An eleionoma comes into view.
The eleionoma shouts!
The eleionoma flows through the trees.
An eleionoma is nearby!
An eleionoma is nearby!
You enter the shallow water.
Moving in this stuff is going to be slow.
The eleionoma hurls a spray of splinters at you.
The spray of wooden splinters misses you.
The eleionoma completely misses you. The eleionoma hits you!
Your unstable footing causes you to fumble your attack.
The eleionoma closely misses you. The eleionoma hits you!
You barely miss the eleionoma. You hit the eleionoma.
The eleionoma is lightly wounded.
The eleionoma is engulfed in blazing flames.
The eleionoma barely misses you.
You hit the eleionoma.
The eleionoma is lightly wounded.
You hit the eleionoma.
The eleionoma is lightly wounded.
The eleionoma is engulfed in blazing flames.
The eleionoma completely misses you.
You slash the eleionoma!
The eleionoma is heavily wounded.
The eleionoma is engulfed in blazing flames.
The eleionoma misses you.
You slash the eleionoma!
The eleionoma is severely wounded.
You slash the eleionoma!
The eleionoma is almost dead.
The eleionoma is engulfed in blazing flames.
You kill the eleionoma!
Your Earth Magic skill increases to level 3!
No target in view!
No target in view!
HP restored.
You now have 903 gold pieces (gained 4).
You enter the shallow water.
Moving in this stuff is going to be slow.
A swamp dragon comes into view.
The swamp dragon roars deafeningly!
A swamp dragon is nearby!
Okay, then.
The swamp dragon bites you.
The swamp dragon claws you but does no damage.
The swamp dragon barely misses you.
You hit the swamp dragon but do no damage.
The swamp dragon closely misses you.
The swamp dragon claws you but does no damage.
The swamp dragon completely misses you.
You hit the swamp dragon but do no damage.
You slash the swamp dragon!
The swamp dragon is lightly wounded.
The swamp dragon bites you! You block the swamp dragon's attack.
The swamp dragon barely misses you.
You slash the swamp dragon!
The swamp dragon is moderately wounded.
The swamp dragon breathes poison at you.
The blast of poison engulfs you but does no damage.
You resist.
You hit the swamp dragon.
The swamp dragon is moderately wounded.
You slash the swamp dragon!
The swamp dragon is heavily wounded.
The swamp dragon breathes poison at you.
The blast of poison misses you.
You closely miss the swamp dragon.
The swamp dragon is heavily wounded.
You slash the swamp dragon!
The swamp dragon is heavily wounded.
The swamp dragon misses you.
The swamp dragon claws you but does no damage.
The swamp dragon tramples you but does no damage.
You slash the swamp dragon!
The swamp dragon is severely wounded.
The swamp dragon bites you. The swamp dragon completely misses you.
The swamp dragon barely misses you.
You hit the swamp dragon but do no damage.
The swamp dragon is severely wounded.
You barely miss the swamp dragon.
The swamp dragon is severely wounded.
The swamp dragon misses you. x2; The swamp dragon tramples you.
You stumble backwards!
You hit the swamp dragon but do no damage.
The swamp dragon is severely wounded.
You hit the swamp dragon.
The swamp dragon is severely wounded.
The swamp dragon is engulfed in blazing flames.
The swamp dragon bites you but does no damage.
The swamp dragon closely misses you.
The swamp dragon tramples you but does no damage.
You barely miss the swamp dragon.
The swamp dragon is almost dead.
The swamp dragon is engulfed in blazing flames.
You kill the swamp dragon!
No target in view!
No target in view!
You now have 925 gold pieces (gained 22).
You enter the shallow water.
Moving in this stuff is going to be slow.
V - a wand of mindburst (25) (gained 16 charges)
You enter the shallow water.
Moving in this stuff is going to be slow.
You enter the shallow water.
Moving in this stuff is going to be slow.
You enter the shallow water.
Moving in this stuff is going to be slow.
You enter the shallow water.
Moving in this stuff is going to be slow.
Found 16 stones.
You enter the shallow water.
Moving in this stuff is going to be slow.
You open the door.
Found a human skeleton.
No target in view!
No target in view!
No target in view!
Found a robe.
You now have 932 gold pieces (gained 7).
Found a stone staircase leading down.
You fall into a shaft and drop 1 floor!
The shaft crumbles and collapses.
A tyrant leech and a spriggan rider come into view.
The spriggan rider shouts!
Unknown command.
Unknown command.
Unknown command.
You block the spriggan rider's attack.
The spriggan rider completely misses you.
You block the spriggan rider's attack.
You hit the tyrant leech.
The tyrant leech is lightly wounded.
You hit the tyrant leech.
The tyrant leech is lightly wounded.
The tyrant leech bites you but does no damage.
The spriggan rider hits you but does no damage.
You miss the tyrant leech.
The tyrant leech is lightly wounded.
You closely miss the tyrant leech.
The tyrant leech is lightly wounded.
The tyrant leech bites you but does no damage.
The spriggan rider hits you but does no damage.
You hit the tyrant leech.
The tyrant leech is lightly wounded.
The spriggan rider hits you from afar with a +0 spear.
You slash the tyrant leech!
The tyrant leech is moderately wounded.
The tyrant leech barely misses you.
You slash the tyrant leech!
The tyrant leech is severely wounded.
The spriggan rider closely misses you.
You barely miss the tyrant leech.
The tyrant leech is severely wounded.
The tyrant leech bites you!!
The tyrant leech draws strength from your injuries!
You hit the tyrant leech.
The tyrant leech is heavily wounded.
The spriggan rider hits you but does no damage.
You slash the tyrant leech!
The tyrant leech is severely wounded.
You block the tyrant leech's attack.
The spriggan rider hits you from afar with a +0 spear.
You slash the tyrant leech!
The tyrant leech is almost dead.
You hit the tyrant leech but do no damage.
The tyrant leech is almost dead.
The spriggan rider hits you from afar with a +0 spear!
The tyrant leech bites you!
The tyrant leech draws strength from your injuries!
You are too injured to fight recklessly!
You are too injured to fight recklessly!
You are too injured to fight recklessly!
You slash the tyrant leech!
The tyrant leech is almost dead.
You hit the tyrant leech.
You kill the tyrant leech!
The spriggan rider completely misses you.
The spriggan rider hits you with a +0 spear!
You see here 15 gold pieces.
You miss the spriggan rider.
The spriggan rider hits you with a +0 spear.
You closely miss the spriggan rider. You miss the spriggan rider.
The spriggan rider hits you with a +0 spear!
* * * LOW HITPOINT WARNING * * *
You closely miss the spriggan rider. You slash the spriggan rider!
The spriggan rider is moderately wounded.
The spriggan rider is engulfed in blazing flames.
The spriggan rider hits you but does no damage.
You slash the spriggan rider!
The spriggan rider is heavily wounded.
The spriggan rider is engulfed in blazing flames.
The spriggan rider closely misses you.
You hit the spriggan rider.
The spriggan rider is almost dead.
You miss the spriggan rider.
The spriggan rider is almost dead.
The spriggan rider is engulfed in blazing flames.
You kill the spriggan rider!
You kill the hornet!
You now have 943 gold pieces (gained 11).
You see here a +0 spear.
Found 21 gold pieces.
You see here a +0 spear.
You now have 958 gold pieces (gained 15).
You start resting.
HP restored.
A goliath frog comes into view.
A goliath frog is nearby!
A goliath frog is nearby!
The goliath frog closely misses you.
You enter the shallow water.
Moving in this stuff is going to be slow.
The goliath frog closely misses you. The goliath frog completely misses you.
Your unstable footing causes you to fumble your attack.
The goliath frog completely misses you.
Your unstable footing causes you to fumble your attack.
A will-o-the-wisp comes into view.
The goliath frog misses you. The goliath frog hits you!
You are splashed with acid!
You miss the goliath frog. You hit the goliath frog.
The goliath frog is lightly wounded.
The goliath frog hits you but does no damage.
You hit the goliath frog but do no damage.
The goliath frog is lightly wounded.
The goliath frog hits you!
You are splashed with acid!
You miss the goliath frog.
The goliath frog is lightly wounded.
The will-o-the-wisp gestures.
The will-o-the-wisp conjures some foxfire! 2 foxfires come into view.
You barely miss the goliath frog.
The goliath frog is lightly wounded.
You block the goliath frog's attack.
The will-o-the-wisp gestures.
The will-o-the-wisp conjures some foxfire! 2 foxfires come into view.
You closely miss the goliath frog.
The goliath frog is lightly wounded.
The foxfire hits you! The foxfire hits you!!
* * * LOW HITPOINT WARNING * * *
The goliath frog closely misses you.
You are too injured to fight recklessly!
You are too injured to fight recklessly!
The foxfire hits you.
* * * LOW HITPOINT WARNING * * *
The goliath frog misses you. The foxfire hits you.
* * * LOW HITPOINT WARNING * * *
You fade into invisibility!
The goliath frog hits you!
* * * LOW HITPOINT WARNING * * *
The acid corrodes you!
You are splashed with acid.
* * * LOW HITPOINT WARNING * * *
You are very lightly contaminated with residual magic.
You miss the goliath frog. You block the goliath frog's attack.
You slash the goliath frog!
The goliath frog is moderately wounded.
You block the goliath frog's attack.
You hit the goliath frog but do no damage.
The goliath frog is moderately wounded.
You hit the goliath frog.
The goliath frog is moderately wounded.
You block the goliath frog's attack.
You hit the goliath frog.
The goliath frog is heavily wounded.
The will-o-the-wisp blinks!
You hit the goliath frog but do no damage.
The goliath frog is heavily wounded.
The goliath frog misses you.
You hit the goliath frog.
The goliath frog is severely wounded.
Found 22 gold pieces.
The will-o-the-wisp gestures.
The will-o-the-wisp conjures some foxfire! 2 foxfires come into view.
The foxfire hits you!
* * * LOW HITPOINT WARNING * * *
The foxfire hits you.
* * * LOW HITPOINT WARNING * * *
The will-o-the-wisp blinks!
The goliath frog hits you!
* * * LOW HITPOINT WARNING * * *
The acid corrodes you!
You are splashed with acid!
* * * LOW HITPOINT WARNING * * *
The will-o-the-wisp gestures.
The will-o-the-wisp conjures some foxfire!
You block the goliath frog's attack.
A foxfire comes into view.
You miss the goliath frog.
The goliath frog is heavily wounded.
You hit the goliath frog but do no damage.
The goliath frog is heavily wounded.
The foxfire hits you!!
* * * LOW HITPOINT WARNING * * *
You feel much better.
The will-o-the-wisp gestures.
The will-o-the-wisp conjures some foxfire! 2 foxfires come into view.
The will-o-the-wisp gestures.
The will-o-the-wisp conjures some foxfire!
The foxfire hits you!
* * * LOW HITPOINT WARNING * * *
2 foxfires come into view.
The foxfire hits you!!
You die...
Your body crumbles into a pile of gold.

♣≈.......♣...♣
.♣♣♣≈...§...♣.♣♣♣
....♣♣≈≈.≈..≈♣♣.♣♣
.≈...♣..≈.......≈♣
♣...≈≈≈......≈.♣♣
♣.≈.≈....≈.....♣
♣♣...F.°≈.≈♣.$.♣
......##≈......♣♣
≈.♣..##..≈@.♣≈.♣
≈....#....v§.≈≈≈♣
....#...§.≈§§♣.♣♣
♣.. #..≈....v§♣♣
≈$. #......#v§≈♣
..##...##v.♣♣ ..
##### .♣♣ ♣♣


You could see a goliath frog and a will-o-the-wisp.

Vanquished Creatures
  Gastronok (D:8)
  Kirke (Lair:4)
  A stone giant (Orc:2)
  An eleionoma (Swamp:1)
  3 ettins
  4 boulder beetles
  11 hydras
  4 naga warriors
  A salamander tyrant (Snake:1)
  4 catoblepae
  2 centaur warriors (D:13)
  Erica (D:8)
  22 death yaks
  6 two-headed ogres
  5 naga sharpshooters
  Nergalle (Lair:4)
  2 shock serpents
  A spriggan (Swamp:2)
  A salamander mystic (Snake:2)
  3 sea snakes (Snake:1)
  2 naga ritualists (Snake:1)
  A swamp dragon (Swamp:1)
  6 mana vipers
  2 salamanders
  2 manticores (Lair:6)
  2 orc sorcerers
  11 cyclopes
  3 ugly things
  5 elephants (Lair:6)
  22 black mambas
  2 ice statues (IceCv)
  5 naga magi
  6 cane toads
  An eye of devastation (Lair:3)
  2 gargoyles
  A kobold demonologist (D:10)
  Psyche (D:9)
  A freezing wraith (IceCv)
  6 rime drakes
  2 komodo dragons
  An ice devil (D:11)
  A polar bear (Lair:6)
  8 trolls
  12 blink frogs
  A hornet (Swamp:2)
  A tyrant leech (Swamp:2)
  A dream sheep (shapeshifter) (D:13)
  Sigmund (D:2)
  8 centaur simulacra (D:12)
  3 water elementals (D:13)
  46 yaks
  A fire bat (Snake:1)
  4 wraiths (D:11)
  3 wyverns
  2 basilisks
  11 vampire mosquitoes
  3 hogs (Lair:4)
  2 steam dragons (D:8)
  4 wargs
  2 swamp worms (Swamp:1)
  2 acid dragons
  15 nagas
  10 water moccasins
  13 orc warriors
  3 sky beasts
  2 black bears
  7 ogres
  2 necrophages
  A hornet zombie (D:5)
  6 wolves (Lair:3)
  11 centaurs
  2 kobold brigands (D:10)
  14 bullfrogs
  2 cane toad simulacra (IceCv)
  A scorpion (D:6)
  2 electric eels
  4 centaur zombies
  18 orc priests
  4 jellies
  10 hounds
  A bullfrog skeleton (D:5)
  An iguana (D:6)
  Natasha (thrice) (D:2)
  Terence (D:3)
  12 hell rats
  12 orc wizards
  A killer bee zombie (D:8)
  8 gnolls
  A howler monkey skeleton (D:4)
  10 adders
  A shadow imp (D:7)
  An ufetubus (D:4)
  An adder skeleton (D:4)
  4 worms
  4 dart slugs
  76 orcs
  6 ball pythons
  6 endoplasms
  2 giant cockroaches
  4 goblins
  9 hobgoblins
  3 quokkas
  11 bats
  2 frilled lizards (D:2)
  9 kobolds
  7 rats
598 creatures vanquished.

Vanquished Creatures (others)
  A black mamba (Snake:1)
  A bloated husk (Swamp:1)
  9 foxfires (Swamp:2)
  15 fungi
  40 plants
  4 toadstools (D:5)
70 creatures vanquished.

Grand Total: 668 creatures vanquished

Notes
Turn   | Place    | Note
-------+----------+-------------------------------------------
     0 | D:1      | sleeves the Demonspawn Fighter began the quest for the Orb.
     0 | D:1      | Reached XP level 1. HP: 18/18 MP: 1/1
    17 | D:1      | Reached skill level 2 in Long Blades
   130 | D:1      | Gained mutation: You have large cloven feet. [demonic
                  | ancestry]
   130 | D:1      | Reached XP level 2. HP: 24/24 MP: 2/2
   415 | D:1      | You fall into a shaft and drop 1 floor!
   430 | D:2      | Noticed Natasha
   736 | D:2      | Reached skill level 3 in Long Blades
   776 | D:2      | Gained mutation: Your demonic aura sometimes causes spilled
                  | blood to erupt in flames. [demonic ancestry]
   776 | D:2      | Reached XP level 3. HP: 28/29 MP: 3/3
  1151 | D:2      | Killed Natasha
  1152 | D:2      | Reached skill level 4 in Long Blades
  1152 | D:2      | Gained mutation: Spells you cast may paralyse adjacent
                  | enemies. [demonic ancestry]
  1152 | D:2      | Reached XP level 4. HP: 21/35 MP: 4/4
  1338 | D:2      | Noticed Natasha
  1343 | D:2      | Killed Natasha
  1351 | D:2      | Noticed Natasha
  1354 | D:2      | Killed Natasha
  1420 | D:2      | Noticed Sigmund
  1498 | D:2      | Killed Sigmund
  1499 | D:2      | Reached skill level 5 in Long Blades
  1499 | D:2      | Gained mutation: You are partially covered in rugged brown
                  | scales. (AC +1, +3% HP) [demonic ancestry]
  1499 | D:2      | Reached XP level 5. HP: 30/42 MP: 5/5
  1499 | D:2      | Gained mutation: Your demonic aura often causes spilled
                  | blood to erupt in flames. [demonic ancestry]
  1499 | D:2      | Reached XP level 6. HP: 34/48 MP: 6/6
  1620 | D:2      | Reached skill level 6 in Long Blades
  2567 | D:3      | Found a faded altar of an unknown god.
  2579 | D:3      | Noticed Terence
  2588 | D:3      | Killed Terence
  2779 | D:4      | HP: 23/48 [orc priest/nerve-wracking pain (12)]
  2946 | D:4      | HP: 24/48 [orc priest/divine providence (14)]
  2951 | D:3      | Reached skill level 7 in Long Blades
  2951 | D:3      | Gained mutation: Your demonic aura causes all spilled blood
                  | to erupt in flames. [demonic ancestry]
  2951 | D:3      | Reached XP level 7. HP: 28/53 MP: 7/7
  3435 | D:4      | Reached skill level 8 in Long Blades
  3653 | D:4      | Found an ornate altar of the Wu Jian Council.
  3892 | D:4      | Found Xeicox's CLEARANCE SALE!.
  4059 | D:5      | Entered Level 5 of the Dungeon
  4110 | D:5      | Found a staircase to the Ecumenical Temple.
  4125 | Temple   | Entered the Ecumenical Temple
  4321 | Temple   | Became a worshipper of Gozag Ym Sagoz the Greedy
  4389 | D:5      | Reached XP level 8. HP: 42/59 MP: 8/8
  4800 | D:5      | Reached skill level 9 in Long Blades
  5058 | D:5      | Found Esuteps's Antique Weapon Boutique.
  5280 | D:6      | Reached skill level 10 in Long Blades
  5900 | D:6      | Found a sparkling altar of Nemelex Xobeh.
  5990 | D:6      | Reached XP level 9. HP: 33/64 MP: 9/9
  5991 | D:6      | Reached skill level 11 in Long Blades
  5992 | D:6      | HP: 32/64 [something (1)]
  6305 | D:6      | Found a bloodstained altar of Trog.
  6329 | D:6      | You fall into a shaft and drop 2 floors!
  6351 | D:8      | Noticed Gastronok
  6362 | D:8      | HP: 15/64 [Gastronok (20)]
  6377 | D:8      | HP: 14/64 [steam dragon/ball of steam (4)]
  6396 | D:8      | HP: 12/64 [bat[Gastronok] (1)]
  6404 | D:8      | HP: 12/64 [bat[Gastronok] (1)]
  6756 | D:8      | Killed Gastronok
  6757 | D:8      | Reached skill level 12 in Long Blades
  6806 | D:8      | HP: 23/64 [orc priest/divine providence (11)]
  6812 | D:8      | Reached skill level 13 in Long Blades
  6813 | D:8      | HP: 16/64 [orc priest (3)]
  7102 | D:8      | Noticed a catoblepas
  7183 | D:8      | Noticed Erica
  7229 | D:8      | Killed Erica
  7230 | D:8      | Gained mutation: Spells you cast may paralyse nearby
                  | enemies. [demonic ancestry]
  7230 | D:8      | Reached XP level 10. HP: 60/72 MP: 10/10
  7522 | D:6      | Identified the +9 hand axe "Demonspawn's Doom" {freeze, rF-
                  | rCorr Int+4 Stlth+}
  7530 | D:6      | Found a hazy altar of Hepliaklqana.
  8708 | D:8      | HP: 19/72 [catoblepas (29)]
  8713 | D:8      | HP: 6/72 [catoblepas (15)]
  8719 | D:8      | Killed a catoblepas
  8720 | D:8      | Reached skill level 3 in Armour
  8720 | D:8      | Reached skill level 3 in Shields
  9323 | D:9      | Noticed Psyche
  9330 | D:9      | Killed Psyche
  9331 | D:9      | Reached skill level 4 in Fighting
  9331 | D:9      | Reached skill level 14 in Long Blades
  9554 | D:9      | Found Coaraib's Weapon Boutique.
  9568 | D:9      | Paralysed by an orc priest for 7 turns
  9574 | D:9      | HP: 25/73 [orc warrior (12)]
  9968 | D:9      | Found a staircase to the Lair.
 10255 | D:10     | Entered Level 10 of the Dungeon
 10268 | D:10     | Reached skill level 4 in Armour
 10268 | D:10     | Reached skill level 4 in Shields
 10757 | D:10     | Found a blossoming altar of Fedhas.
 10778 | D:10     | Reached skill level 5 in Fighting
 10931 | D:10     | Reached skill level 5 in Armour
 10963 | D:10     | Found a staircase to the Orcish Mines.
 11095 | D:10     | HP: 32/76 [acid dragon/splash of acid (19)]
 11366 | D:10     | Noticed an orange crystal statue
 11406 | D:11     | Found Wusap's Antique Armour Boutique.
 11430 | D:11     | Reached XP level 11. HP: 66/82 MP: 11/11
 11742 | D:11     | HP: 40/83 [gargoyle/stone arrow (7)]
 11995 | D:11     | Reached skill level 6 in Fighting
 12120 | D:11     | Noticed a boulder beetle
 12323 | D:11     | Killed a boulder beetle
 12326 | D:11     | Noticed a two-headed ogre
 12616 | D:11     | Reached skill level 6 in Armour
 12808 | D:11     | HP: 34/85 [two-headed ogre (9)]
 12810 | D:11     | HP: 12/85 [two-headed ogre (22)]
 12812 | D:11     | Killed a two-headed ogre
 12813 | D:11     | Reached skill level 7 in Fighting
 13476 | D:12     | Noticed a two-headed ogre
 13496 | D:12     | Killed a two-headed ogre
 13497 | D:12     | Reached skill level 7 in Armour
 13544 | D:12     | Noticed a five-headed hydra
 13554 | D:12     | Killed a two-headed hydra
 13580 | D:12     | Found a frozen archway.
 13676 | IceCv    | Entered an ice cave
 13676 | IceCv    | Noticed a white ugly thing
 13685 | IceCv    | HP: 37/88 [white ugly thing (17)]
 13687 | IceCv    | Killed a white ugly thing
 13688 | IceCv    | Reached skill level 8 in Fighting
 13736 | IceCv    | Found a transporter.
 13746 | IceCv    | Found a transporter.
 13756 | IceCv    | HP: 40/88 [ice statue/bolt of cold (10)]
 13758 | IceCv    | HP: 19/88 [ice statue] (6)]
 13765 | IceCv    | HP: 25/89 [something (11)]
 13848 | IceCv    | HP: 34/89 [ice statue/shard of ice (14)]
 13956 | D:12     | Reached skill level 8 in Armour
 14079 | D:12     | Reached skill level 9 in Fighting
 14177 | D:12     | Noticed a two-headed ogre
 14185 | D:12     | Killed a two-headed ogre
 14186 | D:12     | Reached XP level 12. HP: 76/97 MP: 12/12
 14224 | D:12     | Noticed a boulder beetle
 14254 | D:12     | HP: 31/97 [boulder beetle (44)]
 14317 | D:12     | HP: 42/97 [boulder beetle (21)]
 14324 | D:12     | HP: 10/97 [boulder beetle (23)]
 14400 | D:12     | HP: 43/97 [boulder beetle (54)]
 14409 | D:12     | HP: 28/97 [boulder beetle (24)]
 14411 | D:12     | HP: 10/97 [boulder beetle (19)]
 14412 | D:12     | Killed a boulder beetle
 14659 | D:12     | Found a runed translucent gate.
 14659 | D:12     | Found a runed translucent gate.
 14666 | D:12     | Found a runed translucent gate.
 14796 | D:12     | Noticed a two-headed ogre
 14805 | D:12     | Killed a two-headed ogre
 14806 | D:12     | Reached skill level 9 in Armour
 14847 | D:12     | Noticed Demosthentine's ghost (journeyman MfGl)
 15375 | D:13     | Noticed a centaur warrior
 15381 | D:13     | Killed a centaur warrior
 15382 | D:13     | Reached skill level 10 in Fighting
 15551 | D:13     | Noticed a four-headed hydra
 15560 | D:13     | Killed a two-headed hydra
 15568 | D:13     | Noticed a boulder beetle
 15596 | D:13     | HP: 40/99 [boulder beetle (15)]
 15598 | D:13     | Killed a boulder beetle
 15599 | D:13     | Reached skill level 10 in Armour
 15599 | D:13     | Reached skill level 1 in Spellcasting
 15760 | D:13     | Noticed a four-headed hydra
 15781 | D:13     | Killed a one-headed hydra
 15782 | D:13     | Reached skill level 2 in Spellcasting
 15829 | D:13     | Reached skill level 3 in Spellcasting
 15968 | D:13     | HP: 45/99 [cyclops (7)]
 15974 | D:13     | Reached skill level 4 in Spellcasting
 16217 | D:13     | Noticed a centaur warrior
 16223 | D:13     | Killed a centaur warrior
 16224 | D:13     | Reached skill level 5 in Spellcasting
 16736 | Lair:1   | Entered Level 1 of the Lair of Beasts
 16791 | Lair:1   | You fall into a shaft and drop 1 floor!
 17127 | Lair:1   | Noticed a four-headed hydra
 17134 | Lair:1   | Killed a two-headed hydra
 17288 | Lair:1   | Reached skill level 6 in Spellcasting
 17288 | Lair:1   | Reached skill level 1 in Evocations
 18367 | Lair:3   | Reached XP level 13. HP: 106/106 MP: 22/22
 18410 | Lair:3   | Reached skill level 2 in Evocations
 18544 | Lair:3   | Found a staircase to the Snake Pit.
 18626 | Lair:3   | Reached skill level 3 in Evocations
 18756 | Lair:3   | Found a staircase to the Swamp.
 18785 | Lair:3   | HP: 48/106 [boulder beetle (12)]
 18792 | Lair:3   | HP: 50/106 [boulder beetle (4)]
 19342 | Lair:4   | Reached skill level 11 in Armour
 19342 | Lair:4   | Reached skill level 7 in Spellcasting
 19407 | Lair:4   | Reached skill level 4 in Evocations
 19975 | Lair:4   | Noticed Nergalle
 20005 | Lair:4   | Killed Nergalle
 20358 | Lair:5   | Reached skill level 5 in Evocations
 20695 | Lair:5   | Found a staircase to the Slime Pits.
 20865 | Lair:4   | Noticed Kirke
 20883 | Lair:4   | Reached skill level 8 in Spellcasting
 20900 | Lair:4   | Killed Kirke
 21512 | Lair:6   | Entered Level 6 of the Lair of Beasts
 21560 | Lair:5   | Reached skill level 6 in Evocations
 21764 | Lair:5   | HP: 50/106 [hell rat (7)]
 21975 | Lair:6   | Reached skill level 12 in Armour
 21975 | Lair:6   | Gained mutation: Spells you cast and wands you use may
                  | paralyse nearby enemies. [demonic ancestry]
 21975 | Lair:6   | Reached XP level 14. HP: 106/113 MP: 26/26
 22075 | Lair:6   | HP: 56/113 [death yak (22)]
 22079 | Lair:6   | HP: 26/113 [death yak (22)]
 22092 | Lair:6   | Reached skill level 7 in Evocations
 22256 | Lair:6   | Reached skill level 9 in Spellcasting
 22807 | Lair:6   | Reached skill level 8 in Evocations
 22991 | Lair:6   | HP: 55/113 [death yak (19)]
 23016 | Lair:6   | HP: 56/113 [death yak (15)]
 23162 | Lair:6   | Reached skill level 10 in Spellcasting
 23170 | Lair:6   | Reached skill level 13 in Armour
 23335 | Lair:6   | Reached skill level 9 in Evocations
 23459 | Lair:3   | Identified the +1 scale mail of the Louse {Dex+7}
 23916 | Orc:1    | Entered Level 1 of the Orcish Mines
 24384 | Orc:2    | Entered Level 2 of the Orcish Mines
 24384 | Orc:2    | Found Otaobyef's General Store.
 24384 | Orc:2    | Found a staircase to the Elven Halls.
 24448 | Orc:2    | HP: 40/113 [ettin (21)]
 24582 | Orc:2    | Found Inoworch's Antique Armour Shop.
 24638 | Orc:2    | Found Veuguuq's Antique Weapon Boutique.
 24671 | Orc:1    | HP: 40/113 [ettin (28)]
 24674 | Orc:1    | HP: 1/113 [ettin (19)]
 24796 | Orc:2    | Paralysed by an orc sorcerer for 7 turns
 24802 | Orc:2    | HP: 38/97 [cyclops (15)]
 24806 | Orc:2    | Gained mutation: You are mostly covered in rugged brown
                  | scales. (AC +2, +5% HP) [demonic ancestry]
 24806 | Orc:2    | Reached XP level 15. HP: 36/105 MP: 29/29
 24813 | Orc:2    | HP: 33/106 [barbs]
 25083 | Orc:2    | Reached skill level 10 in Evocations
 25129 | Orc:2    | Found Imyjar's Book Emporium.
 25148 | Orc:2    | HP: 36/109 [stone giant/large rock (42)]
 25156 | Orc:2    | HP: 7/109 [stone giant/large rock (39)]
 25343 | Orc:2    | Learned a level 4 spell: Animate Armour
 25350 | Orc:2    | Learned a level 6 spell: Iron Shot
 25870 | D:12     | HP: 44/114 [ice devil (21)]
 26144 | D:12     | Identified the ring "Osilu" {rPois EV+4}
 26166 | D:12     | Got the ring "Numi" {Fire +Blink Will- Str+3 Dex+5}
 26231 | D:11     | Bought a pair of runed boots for 202 gold pieces
 26359 | Snake:1  | Entered Level 1 of the Snake Pit
 26359 | Snake:1  | Found Nang's Weapon Shoppe.
 26471 | Snake:1  | Reached skill level 14 in Armour
 26665 | Snake:1  | HP: 44/120 [naga warrior (26)]
 26679 | Snake:1  | HP: 29/120 [salamander mystic/bolt of magma (33)]
 26753 | Snake:1  | Found Irchouku's General Store.
 26760 | Snake:1  | HP: 52/120 [naga warrior (23)]
 26846 | Lair:3   | HP: 31/120 [disintegration (36)]
 26851 | Lair:3   | HP: 32/120 [poisoned by a naga warrior (splash of poison)]
 26940 | Snake:1  | Found Zuryppa Arry's General Store.
 26950 | Snake:1  | Reached skill level 11 in Evocations
 27050 | Snake:1  | HP: 51/120 [shock serpent/bolt of electricity (24)]
 27055 | Lair:3   | HP: 38/120 [poisoned by a naga mage (bolt of poison)]
 27060 | Lair:3   | HP: 39/120 [poisoned by a naga mage (bolt of poison)]
 27155 | Snake:1  | Identified the +7 mace "Leunif" {speed, *Noise Str+6
                  | Stlth+}
 27200 | Snake:1  | Upgraded the game from 0.28-a0-622-gbaef9634d7 to
                  | 0.28-a0-631-g0446da8ef9
 27302 | Snake:1  | Reached skill level 1 in Summonings
 27302 | Snake:1  | Reached skill level 1 in Earth Magic
 27672 | Snake:1  | Reached skill level 2 in Summonings
 27800 | Snake:1  | Reached skill level 2 in Earth Magic
 28145 | Snake:2  | Noticed Vashnia
 28181 | Snake:2  | HP: 42/120 [something (41)]
 28370 | Snake:1  | Reached skill level 3 in Summonings
 28447 | Snake:2  | HP: 54/120 [salamander (11)]
 28448 | Snake:2  | HP: 26/120 [salamander (10)]
 28455 | Snake:2  | HP: 46/120 [salamander (8)]
 28457 | Snake:2  | HP: 16/120 [salamander (9)]
 28562 | Snake:2  | HP: 41/120 [Vashnia/bolt (42)]
 28790 | Swamp:1  | Entered Level 1 of the Swamp
 28878 | Lair:3   | Bought the amulet of Paarch {rPois rC+ Regen+} for 674 gold
                  | pieces
 28903 | Lair:3   | Bought fading fire dragon scales for 1690 gold pieces
 28903 | Lair:3   | Identified the +0 fire dragon scales "Adwyco" {Harm rF++
                  | rC- Str+3} (You bought it in a shop on level 3 of the Lair
                  | of Beasts)
 28917 | Lair:3   | Bought the +1 buckler "Ynlihuje" {Regen+ SInv} for 351 gold
                  | pieces
 29019 | Swamp:1  | Reached skill level 3 in Earth Magic
 29106 | Swamp:1  | You fall into a shaft and drop 1 floor!
 29130 | Swamp:2  | HP: 59/120 [spriggan rider (13)]
 29173 | Swamp:2  | HP: 53/120 [will-o-the-wisp/foxfire (26)]
 29185 | Swamp:2  | HP: 39/120 [will-o-the-wisp/foxfire (12)]
 29187 | Swamp:2  | HP: 19/120 [acid (7)]
 29189 | Swamp:2  | HP: 2/120 [will-o-the-wisp/foxfire (20)]
 29192 | Swamp:2  | Killed from afar by a will-o-the-wisp

Illustrated notes

Levels and vault maps discovered:
D:1:      minmay_arrival_four_houses, layout_rooms,
          hangedman_decor_diamond_cutter
D:2:      layout_loops_ring, minmay_mini_jars, uniq_sigmund, uniq_natasha
D:3:      layout_rooms, hellmonk_ecumenical_altar_arch_garden,
          serial_corexii_hall, corexii_hall_statues_i, corexii_hall_statues_s,
          corexii_hall_statues_s, corexii_hall_statues_x,
          corexii_hall_statues_u, corexii_hall_statues_l, uniq_terence
D:4:      layout_loops_ring, nzn_wu_jian_contemplation, nicolae_shop_clearance
D:5:      layout_basic, tso_altar, minmay_temple_entry_junction_2, serial_shops,
          shop, corexii_item_surrounded_by_moat, chequers_serial_rivers_micro_c,
          minmay_gold_behind_fungi, cheibrodos_gnoll_hut
D:6:      layout_basic, nemelex_dance_club_becter,
          mainiacjoe_overflow_two_lobes, serial_bayou_lagoon_b
D:7:      layout_loops_corners, grunt_ogre_cave
D:8:      layout_loops_corners, david_defended_altar_orc, uniq_gastronok,
          uniq_erica
D:9:      layout_roguey [special_room_orc], lair_entry_dummy, serial_shops,
          shop_coins, uniq_psyche
D:10:     minmay_separated_statues, layout_loops_cross,
          overflow_temple_1_default, orc_0_dummy
D:11:     layout_basic, serial_shops, nicolae_stop_n_shop_2
D:12:     layout_basic, portal_ice_cave_entry_pillars_2, gammafunk_ghost_icy
D:13:     layout_basic
Temple:   eino_temple_scatter_basement
Lair:1:   layout_loops_ring
Lair:2:   layout_regular_city, infiniplex_staircase_pool_2
Lair:3:   layout_misc_corridors, swamp_mist, minmay_snake_entry_six_corridors
Lair:4:   layout_cave_pods, serial_forest, infiniplex_forest_end_1,
          infiniplex_forest_clump_small, infiniplex_forest_split,
          infiniplex_forest_clump_small, infiniplex_forest_pool,
          infiniplex_forest_lined_room_2, infiniplex_forest_end_2,
          uniq_nergalle, uniq_kirke
Lair:5:   layout_small_grid, nicolae_slime_entry_slimehenge
Lair:6:   evilmike_catoblepas_cave, layout_hall_layers,
          nicolae_quartered_pool_medium, grunt_megastairs_5
Swamp:1:  layout_basic_swamp, evilmike_swamp_ruin_house_3,
          infiniplex_staircase_pool
Swamp:2:  layout_falls_marsh, serial_swamp_ruin, evilmike_swamp_ruin_house_4,
          evilmike_swamp_ruin_house_6, evilmike_swamp_ruin_rubble_1
Snake:1:  layout_onion, nicolae_wooded_promenade, grunt_megastairs_1,
          lemuel_fruit_tree, serial_bayou_shore_a
Snake:2:  layout_rooms, serial_shops, shop, nicolae_snake_scaly_snakehead,
          uniq_saint_roka, uniq_asterion, uniq_vashnia
Orc:1:    layout_diamond_mine
Orc:2:    grunt_orc_gardens, layout_diamond_mine, grunt_orc_garden,
          grunt_orc_garden, grunt_orc_garden, grunt_orc_garden,
          nicolae_orc_pool_cavern, statue_in_the_mist_lemuel

Skill      XL: |  1  2  3  4  5  6  7  8  9 10 11 12 13 14 15 |
---------------+----------------------------------------------+-----
Long Blades    | 2 3 4 5 7 8 10 13 14 | 14.0
Armour         | 5 8 10 12 13 14 | 14.7
Shields        | 4 |  4.0
Fighting       | 5 9 10 | 10.0
Spellcasting   | 6 8 10 | 10.0
Evocations     | 1 6 9 11 | 11.8
Summonings     | 3 |  3.4
Earth Magic    | 3 |  3.1

Action                   |  1- 3 |  4- 6 |  7- 9 | 10-12 | 13-15 || total
-------------------------+-------+-------+-------+-------+-------++-------
Melee: Long sword        |    61 |       |       |       |       ||    61
       Kick              |     9 |    22 |    70 |   286 |       ||   387
       Falchion          |    23 |    95 |   209 |   720 |  1401 ||  2448
       Scimitar          |       |       |       |    20 |    33 ||    53
       Dagger            |       |       |       |    57 |       ||    57
Throw: Throwing net      |       |       |       |     1 |       ||     1
Invok: Call Merchant     |       |       |       |       |     4 ||     4
       Potion Petition   |       |       |       |       |     1 ||     1
Evoke: Wand              |       |       |       |     6 |    18 ||    24
  Use: Potion            |       |       |       |     6 |     3 ||     9
       Scroll            |       |       |       |     6 |     6 ||    12
 Stab: Distracted        |       |       |     1 |     2 |    11 ||    14
       Paralysed         |       |       |       |       |     5 ||     5
       Petrified         |       |       |       |       |     3 ||     3
Armor: Scale mail        |    49 |    30 |    55 |       |   190 ||   324
       Ring mail         |       |       |    18 |   116 |       ||   134
       Leather armour    |       |       |       |    67 |   159 ||   226
Dodge: Dodged            |    52 |    23 |    75 |   360 |   674 ||  1184
Block: Buckler           |    26 |    20 |    41 |   121 |   271 ||   479

Table legend: (Time is in decaauts)
 A = Elapsed time spent in this place.
 B = Non-inter-level travel time spent in this place.
 C = Inter-level travel time spent in this place.
 D = Time resting spent in this place.
 E = Time spent auto-exploring this place.
 F = Levels seen in this place.
 G = Mean time per level.
                   A        B        C        D        E       F      G
               +--------+--------+--------+--------+--------+-----+--------+
         Total |  28430 |  26610 |   1820 |   2696 |  18679 |  27 | 1053.0 |
       Dungeon |  16786 |  15996 |    790 |   1664 |  11693 |  13 | 1291.2 |
        Temple |    209 |    196 |     13 |      0 |    170 |   1 |  209.0 |
          Lair |   7226 |   6462 |    764 |    248 |   4926 |   6 | 1204.3 |
         Swamp |    306 |    304 |      2 |     17 |    181 |   2 |  153.0 |
     Snake Pit |   2004 |   1872 |    132 |    411 |    826 |   2 | 1002.0 |
  Orcish Mines |   1682 |   1566 |    116 |    293 |    830 |   2 |  841.0 |
      Ice Cave |    215 |    215 |      0 |     63 |     52 |   1 |  215.0 |
               +--------+--------+--------+--------+--------+-----+--------+

Top non-repeatable levels by time:
    D:12: 2068 daAuts
     D:8: 1755 daAuts
    D:11: 1708 daAuts
 Snake:1: 1703 daAuts
    D:10: 1653 daAuts
  Lair:6: 1550 daAuts
  Lair:3: 1409 daAuts
  Lair:5: 1392 daAuts
     D:3: 1324 daAuts
     D:6: 1260 daAuts
  Lair:4: 1222 daAuts
    D:13: 1218 daAuts
     D:2: 1183 daAuts
     D:7: 1069 daAuts
     D:9: 1025 daAuts
